 Dungeon Crawl Stone Soup version 0.20.0-10-g0535bb4 (webtiles) character file.

76167 Chiseanne the Severer (level 15, -5/121 HPs)
             Began as a Minotaur Monk on June 4, 2017.
             Was the Champion of Makhleb.
             Slain by a tentacle (23 damage)
             ... attached to a kraken
             ... on level 1 of the Shoals.
             The game lasted 01:04:02 (20450 turns).

Chiseanne the Severer (Minotaur Monk)              Turns: 20450, Time: 01:04:02

Health: -5/121     AC: 18    Str: 16    XL:     15   Next: 11%
Magic:  23/23      EV: 18    Int: 10    God:    Makhleb [******]
Gold:   101        SH: 14    Dex: 16    Spells: 14/14 levels left

rFire    . . .     SeeInvis .   a - +7 war axe "Death Rattle" {venom, rF+ Int+3 Dex-3 Stlth+}
rCold    + . .     Gourm    .   I - +1 shield
rNeg     . . .     Faith    +   G - +2 leather armour {rPois}
rPois    +         Spirit   .   y - +2 hat
rElec    .         Reflect  .   O - +1 cloak
rCorr    .         Harm     .   N - +1 pair of gloves (curse)
MR       ++...                  x - +2 pair of boots {run}
Stlth    ++........             Q - amulet of faith
Regen    0.3/turn               M - ring of ice
MPRegen  0.2/turn               o - ring "Gobor" {MR+ Slay+6}

@: very slow
A: retaliatory headbutt, horns 2
a: Minor Destruction, Lesser Servant of Makhleb, Major Destruction, Greater
Servant of Makhleb, Renounce Religion


You were on level 1 of the Shoals.
You worshipped Makhleb.
Makhleb was exalted by your worship.
You were not hungry.

You visited 4 branches of the dungeon, and saw 24 of its levels.
You also visited: Labyrinth.

You collected 2378 gold pieces.
You spent 2277 gold pieces at shops.

Inventory:

Hand Weapons
 a - the +7 war axe "Death Rattle" (weapon) {venom, rF+ Int+3 Dex-3 Stlth+}
   (You found it on level 4 of the Dungeon)

   It poisons the flesh of those it strikes.
   It affects your intelligence (+3).
   It affects your dexterity (-3).
   It protects you from fire.
   It makes you more stealthy.
 e - the +6 hand crossbow of Lenoobu {flame, +Inv rElec rC+}
   (You found it on level 7 of the Dungeon)

   It causes projectiles fired from it to burn those they strike, causing extra
   injury to most foes and up to half again as much damage against particularly
   susceptible opponents.
   It protects you from cold.
   It insulates you from electricity.
   It lets you turn invisible.
 l - a +2 broad axe
 s - a +2 war axe of flaming
 w - a +0 blowgun
Missiles
 z - 113 bolts
 L - 3 throwing nets (quivered) {!*}
Armour
 x - a +2 pair of boots of running (worn)
 y - a +2 hat (worn)
 G - a +2 leather armour of poison resistance (worn)
 I - a +1 shield (worn)
 N - a cursed +1 pair of gloves (worn)
 O - a +1 cloak (worn)
 R - a +2 scale mail of fire resistance
Jewellery
 h - an uncursed ring of resist corrosion
 o - the ring "Gobor" (right hand) {MR+ Slay+6}
   (You found it in a labyrinth)

   [ring of protection from magic]

   It affects your accuracy and damage with ranged weapons and melee attacks
   (+6).
   It affects your resistance to hostile enchantments.
 v - an uncursed ring of flight
 D - an uncursed amulet of guardian spirit
 M - a ring of ice (left hand)
 Q - an amulet of faith (around neck)
Wands
 i - a wand of digging (2/24)
 F - a wand of disintegration (2/24)
 H - a wand of lightning (1/15)
Scrolls
 g - 4 scrolls of immolation
 m - 7 scrolls of blinking
 n - 3 scrolls of fog
 u - 9 scrolls of teleportation
 B - 10 scrolls of remove curse
 C - 15 scrolls of identify
 P - a scroll of amnesia
 S - a scroll of magic mapping
Potions
 b - 5 potions of resistance
 d - a potion of flight
 f - 4 potions of cancellation
 j - 7 potions of curing
 k - a potion of berserk rage
 p - 2 potions of mutation
 r - a potion of magic
 t - a potion of brilliance
 A - 2 potions of heal wounds
 E - 2 potions of agility
 T - a potion of invisibility
 U - 4 potions of haste
 Y - 2 potions of might
Comestibles
 c - 12 bread rations
 q - 10 meat rations
 J - 13 royal jellies
 K - 4 chunks of flesh


   Skills:
 - Level 8.1 Fighting
 * Level 15.9 Axes
 * Level 15.4 Armour
 - Level 8.8 Dodging
 - Level 1.5 Stealth
 * Level 13.4 Shields
 * Level 12.3 Invocations


You had 14 spell levels left.
You didn't know any spells.

Dungeon Overview and Level Annotations

Branches:
Dungeon (15/15)            Temple (0/1) D:7            Lair (6/6) D:8
 Shoals (1/4) Lair:3        Snake (0/4) Lair:2        Slime (0/5) Lair:6
    Orc (2/2) D:11            Elf (0/3) Orc:2        Vaults (0/5) D:13
 Depths (0/5) D:15

Altars:
Dithmenos
Fedhas
Hepliaklqana
Makhleb
Nemelex Xobeh
Qazlal
Ru
Trog
Uskayaw
Vehumet
Yredelemnul
The Shining One
Beogh

Shops:
D:4 %   D:8 %   D:11 **[   D:13 }   Orc:2 ?}([

Portals:
Trove: D:12 (give 2 scrolls of acquirement)

Annotations:
Lair:2 exclusion: upstairs
Lair:5 exclusion: upstairs
Orc:2 exclusion: upstairs


Innate Abilities, Weirdness & Mutations

You reflexively headbutt those who attack you in melee.
You have a pair of horns on your head.


Message History

You kill the tentacle!
You slash the tentacle!
The tentacle looks as sick as possible!
The tentacle is heavily wounded.
You slash the snapping turtle!
Splash!
You fall into the shallow water.
Moving in this stuff is going to be slow.
You block the tentacle's attack.
A tentacle segment bursts forth from the water. x3
You block the tentacle's attack. The snapping turtle bites you!!
You block the tentacle's attack. x2
A tentacle segment bursts forth from the water. x3
You block the tentacle's attack. The tentacle barely misses you.
You block the tentacle's attack.
The snapping turtle bites you from afar!!
* * * LOW HITPOINT WARNING * * *
The tentacle slaps you.
* * * LOW HITPOINT WARNING * * *
The tentacle slaps you!!
You die...

≈≈≈≈≈≈≈≈≈≈≈≈≈≈≈≈≈≈≈
≈)≈≈≈≈≈≈≈≈≈≈≈≈≈≈≈≈≈≈≈≈≈≈
.#.≈≈≈≈≈≈≈≈≈≈≈P≈≈≈≈≈≈≈≈≈≈
...≈≈≈≈≈≈≈≈≈≈PP≈≈PPPPPP≈≈
...≈≈≈≈≈≈≈≈≈≈≈P≈≈≈≈P≈≈≈≈≈
...≈≈≈≈≈≈≈≈≈≈≈≈....≈≈≈...
≈≈≈≈..≈≈≈≈≈≈)≈≈.##.<..P..
≈≈≈≈..t.≈≈≈≈≈≈.###.......
≈≈X*...w@≈≈≈≈.....P..####
≈≈≈≈≈≈≈ww≈≈≈.#####...#
≈≈≈≈≈≈≈≈≈≈≈≈.# #P.##
≈≈≈≈≈≈≈≈≈≈≈≈.# ####
≈≈≈≈≈≈≈≈≈≈≈≈##
≈≈≈≈≈≈≈≈≈≈≈≈.#
≈≈≈≈≈≈≈≈≈≈≈≈≈..
≈≈≈≈≈≈≈≈≈≈≈≈≈≈≈.
≈≈≈≈≈≈≈≈≈≈≈≈≈≈.


You could see a kraken, a snapping turtle and 3 tentacles.

Vanquished Creatures
  Saint Roka (Orc:2)
  A sphinx (shapeshifter) (D:15)
  An orc warlord (Orc:2)
  Nessos (D:15)
  Fannar (D:10)
  6 hydras
  A minotaur (Lab)
  2 ice dragons (D:15)
  Harold (D:11)
  A catoblepas (D:14)
  Erolcha (D:9)
  2 centaur warriors
  2 dancing weapons (D:13)
  4 two-headed ogres
  An orc high priest (Orc:2)
  Urug (Orc:1)
  A skeletal warrior (D:15)
  3 unseen horrors
  An orc knight (Orc:2)
  Pikel (D:6)
  13 ugly things
  A wolf spider (Lair:6)
  A deep elf mage (D:12)
  2 orc sorcerers (Orc:2)
  3 cyclopes
  3 merfolk sirens
  7 black mambas (Lair:6)
  7 elephants
  A guardian serpent (Lair:6)
  Joseph (D:9)
  A gargoyle (D:12)
  14 spiny frogs
  2 komodo dragons
  A rime drake (Lair:6)
  3 efreet
  4 demonic crawlers (D:14)
  4 trolls
  A troll (shapeshifter) (D:15)
  2 merfolk (Lair:3)
  A polar bear (Lair:2)
  3 hornets
  A dream sheep (shapeshifter) (D:15)
  8 blink frogs (Lair:6)
  A hippogriff (shapeshifter) (D:14)
  5 hippogriffs
  3 redbacks (Lair:6)
  3 wraiths
  A shadow (D:9)
  10 wyverns (Lair:6)
  2 basilisks
  21 yaks
  A vampire (D:13)
  15 vampire mosquitoes
  4 steam dragons
  2 hungry ghosts
  2 soldier ants (D:8)
  3 acid dragons
  3 nagas (Lair:2)
  Duvessa (D:7)
  4 porcupines
  12 water moccasins
  2 hornet zombies
  3 sky beasts
  5 ice beasts
  2 slaves (D:6)
  28 orc warriors
  3 eyes of draining
  5 black bears
  16 ogres
  A phantom (D:6)
  20 centaurs
  5 wolves (Lair:5)
  5 crocodiles
  3 big kobolds
  9 bullfrogs
  Dowan (D:7)
  A wyvern zombie (D:10)
  A gnoll sergeant (D:9)
  A wyvern skeleton (D:13)
  A water moccasin skeleton (D:6)
  5 scorpions
  6 wights
  8 howler monkeys
  5 crimson imps
  A centaur zombie (D:7)
  A bullfrog zombie (D:5)
  2 quasits
  6 hounds
  17 orc priests
  5 jellies
  29 orc wizards
  Crazy Yiuf (D:7)
  2 bullfrog skeletons
  3 centaur skeletons
  Ijyb (D:3)
  Terence (D:3)
  An iguana (D:6)
  14 worker ants
  A hound skeleton (D:8)
  A worker ant zombie (D:11)
  10 gnolls
  10 adders
  A shadow imp (D:8)
  5 oozes
  An adder zombie (D:5)
  3 adder skeletons
  4 worms
  A dart slug (D:4)
  4 leopard geckos
  97 orcs
  7 bats
  3 giant cockroaches
  8 goblins
  10 hobgoblins
  8 jackals
  17 kobolds
  6 quokkas
  4 ball pythons
  6 frilled lizards
  A leopard gecko skeleton (D:4)
  2 leopard gecko zombies
  10 rats
  A spectral orc (D:7)
  2 fungi
  A plant (Lair:6)
  A tentacle (Shoals:1)
655 creatures vanquished.

Vanquished Creatures (collateral kills)
  An orc sorcerer (Orc:2)
  4 oklob plants (Lair:6)
  A blink frog (Lair:6)
  3 yaks (Lair:6)
  An orc wizard (Orc:2)
10 creatures vanquished.

Vanquished Creatures (others)
  A centaur warrior (D:15)
  3 ugly things (D:15)
  A cyclops (D:15)
  An orc warrior (Orc:2)
  2 crimson imps (D:6)
  An orc wizard (D:3)
  A quokka (D:6)
  7 fungi
  22 plants
  2 tentacles (Shoals:1)
41 creatures vanquished.

Grand Total: 706 creatures vanquished

Notes
Turn   | Place    | Note
-------+----------+-------------------------------------------
     0 | D:1      | Chiseanne the Minotaur Monk began the quest for the Orb.
     0 | D:1      | Reached XP level 1. HP: 19/19 MP: 0/0
   317 | D:1      | Reached XP level 2. HP: 13/27 MP: 1/1
   854 | D:2      | Reached XP level 3. HP: 30/33 MP: 2/2
   877 | D:2      | Found a sacrificial altar of Ru.
   896 | D:2      | Reached XP level 4. HP: 33/40 MP: 3/3
  1961 | D:3      | Noticed Ijyb
  1965 | D:3      | Reached skill level 5 in Axes
  2168 | D:3      | Noticed Terence
  2170 | D:3      | Found a glowing golden altar of the Shining One.
  2265 | D:3      | Killed Terence
  2265 | D:3      | Reached skill level 1 in Armour
  2265 | D:3      | Reached XP level 5. HP: 43/47 MP: 4/4
  2373 | D:3      | Killed Ijyb
  2774 | D:4      | Got a dazzling war axe
  2775 | D:4      | Identified the +7 war axe "Death Rattle" {venom, rF+ Int+3 Dex-3 Stlth+} (You found it on level 4 of the Dungeon)
  2902 | D:4      | Found Nuisin's Food Shop.
  2920 | D:4      | Reached skill level 5 in Dodging
  2962 | D:4      | Reached skill level 5 in Fighting
  2962 | D:4      | Reached XP level 6. HP: 56/56 MP: 5/5
  3620 | D:4      | Reached XP level 7. HP: 42/61 MP: 6/6
  3718 | D:5      | Entered Level 5 of the Dungeon
  3726 | D:5      | Found a blossoming altar of Fedhas.
  4666 | D:5      | Reached XP level 8. HP: 69/71 MP: 7/7
  4709 | D:5      | Reached skill level 5 in Armour
  5339 | D:6      | Noticed Pikel
  5358 | D:6      | Killed Pikel
  5358 | D:6      | Reached XP level 9. HP: 66/81 MP: 8/8
  5690 | D:6      | Found a hazy altar of Hepliaklqana.
  6144 | D:6      | Found a burning altar of Makhleb.
  6144 | D:6      | Noticed an Executioner
  6148 | D:6      | Noticed an orange demon
  6150 | D:6      | Became a worshipper of Makhleb the Destroyer
  6150 | D:6      | Reached * piety under Makhleb
  6150 | D:6      | Reached ** piety under Makhleb
  6177 | D:7      | Found a staircase to the Ecumenical Temple.
  6193 | D:7      | Got a bloodstained hand crossbow
  6194 | D:7      | Identified the +6 hand crossbow of Lenoobu {flame, +Inv rElec rC+} (You found it on level 7 of the Dungeon)
  6216 | D:7      | Found a sparkling altar of Nemelex Xobeh.
  6314 | D:7      | Found a shadowy altar of Dithmenos.
  6314 | D:7      | Noticed a green ugly thing
  6409 | D:7      | Reached skill level 1 in Invocations
  6843 | D:7      | Found a hide-covered altar of Uskayaw.
  7027 | D:7      | Noticed Dowan
  7033 | D:7      | Noticed Duvessa
  7053 | D:7      | Killed Duvessa
  7067 | D:7      | Killed a green ugly thing
  7070 | D:7      | Killed Dowan
  7209 | D:7      | Found a runed door.
  7213 | D:7      | Noticed Crazy Yiuf
  7216 | D:7      | Killed Crazy Yiuf
  7219 | D:7      | Got a steaming mace
  7228 | D:7      | Identified the cursed +0 mace of Giryty {antimagic, rN+} (You found it on level 7 of the Dungeon)
  7274 | D:7      | Found a basalt altar of Yredelemnul.
  7318 | D:8      | Reached XP level 10. HP: 87/88 MP: 11/11
  7343 | D:8      | Reached skill level 1 in Shields
  7357 | D:8      | Found a radiant altar of Vehumet.
  7571 | D:8      | Found a staircase to the Lair.
  7668 | D:8      | Noticed a two-headed ogre
  7674 | D:8      | Killed a two-headed ogre
  7674 | D:8      | Reached skill level 10 in Axes
  7681 | D:8      | Reached *** piety under Makhleb
  7703 | D:8      | Found Ramireg's Food Boutique.
  8125 | D:9      | Noticed Joseph
  8137 | D:9      | Killed Joseph
  8208 | D:9      | Noticed Erolcha
  8213 | D:9      | Killed Erolcha
  8213 | D:9      | Reached skill level 5 in Shields
  8213 | D:9      | Reached skill level 5 in Invocations
  8743 | D:9      | Found a bloodstained altar of Trog.
  8871 | D:9      | Reached XP level 11. HP: 94/94 MP: 14/14
  9135 | D:9      | Found a stormy altar of Qazlal.
  9407 | D:10     | Entered Level 10 of the Dungeon
  9407 | D:10     | Noticed Fannar
  9426 | D:10     | Killed Fannar
  9532 | D:10     | Reached skill level 10 in Armour
  9574 | D:10     | Reached **** piety under Makhleb
 10099 | D:11     | Found Xoupoj's Armour Shop.
 10107 | D:11     | Bought a +1 scale mail of fire resistance for 208 gold pieces
 10127 | D:11     | Found a staircase to the Orcish Mines.
 10435 | D:11     | Noticed a cyan ugly thing
 10436 | D:11     | Noticed a purple ugly thing
 10447 | D:11     | Killed a red ugly thing
 10456 | D:11     | Killed a red ugly thing
 10511 | D:11     | Reached ***** piety under Makhleb
 10628 | D:11     | Found Vuloazuq's General Store.
 10636 | D:11     | Bought a potion of haste for 130 gold pieces
 10636 | D:11     | Bought 2 potions of curing for 78 gold pieces
 10636 | D:11     | Bought a scroll of identify for 26 gold pieces
 10776 | D:11     | Noticed a six-headed hydra
 10794 | D:11     | Killed a two-headed hydra
 11098 | D:11     | Found Quixkeol's Magic Scroll Boutique.
 11105 | D:11     | Bought a scroll of noise for 12 gold pieces
 11105 | D:11     | Bought a scroll of amnesia for 42 gold pieces
 11105 | D:11     | Bought a scroll of random uselessness for 12 gold pieces
 11105 | D:11     | Bought a scroll of enchant armour for 90 gold pieces
 11105 | D:11     | Bought a scroll of blinking for 90 gold pieces
 11171 | D:11     | Found Kayst's General Store.
 11275 | D:12     | Found a labyrinth entrance.
 11333 | Lab      | Entered a labyrinth
 11490 | Lab      | Killed an unseen horror
 11526 | Lab      | Killed an unseen horror
 11807 | Lab      | Noticed a minotaur
 11818 | Lab      | Killed a minotaur
 11824 | Lab      | Got a clouded tin ring
 11833 | D:12     | Identified the ring "Gobor" {MR+ Slay+6} (You found it in a labyrinth)
 11980 | D:12     | Reached XP level 12. HP: 101/101 MP: 16/16
 12272 | D:12     | Found a portal to a secret trove of treasure.
 13096 | D:13     | Found a gate to the Vaults.
 13278 | D:13     | Found Metam's Gadget Boutique.
 13357 | D:13     | Noticed a centaur warrior
 13368 | D:13     | Killed a centaur warrior
 13438 | D:13     | Reached ****** piety under Makhleb
 13776 | D:14     | Noticed a centaur warrior
 13783 | D:14     | Killed a centaur warrior
 13786 | D:14     | Reached skill level 10 in Shields
 13855 | D:14     | Noticed a catoblepas
 13857 | D:14     | Noticed a two-headed ogre
 13869 | D:14     | Killed a catoblepas
 13870 | D:14     | Reached XP level 13. HP: 105/107 MP: 17/19
 14155 | D:15     | Entered Level 15 of the Dungeon
 14155 | D:15     | Noticed Nessos
 14172 | D:15     | Killed Nessos
 14212 | D:15     | HP: 2/107 [ice dragon (10)]
 14647 | D:15     | Reached skill level 10 in Invocations
 14693 | D:15     | Found a staircase to the Depths.
 14874 | D:15     | Noticed a sphinx
 14882 | D:15     | Killed a sphinx
 15395 | Orc:1    | Entered Level 1 of the Orcish Mines
 15395 | Orc:1    | Noticed Urug
 15399 | Orc:1    | Noticed Harold
 15413 | D:11     | Killed Harold
 15560 | Orc:1    | Killed Urug
 15749 | Orc:2    | Entered Level 2 of the Orcish Mines
 15774 | Orc:2    | Noticed Saint Roka
 15916 | Orc:2    | Killed Saint Roka
 16135 | Orc:2    | Found Herr's Gadget Emporium.
 16234 | Orc:2    | Found a roughly hewn altar of Beogh.
 16291 | Orc:2    | Found a roughly hewn altar of Beogh.
 16392 | Orc:2    | Found a roughly hewn altar of Beogh.
 16425 | Orc:2    | Found a staircase to the Elven Halls.
 16438 | Orc:2    | Reached XP level 14. HP: 101/115 MP: 21/21
 16649 | Orc:2    | Found a roughly hewn altar of Beogh.
 16663 | Orc:2    | Found Afrusk's Magic Scroll Shoppe.
 16672 | Orc:2    | Bought a scroll of identify for 28 gold pieces
 16672 | Orc:2    | Bought a scroll of blinking for 105 gold pieces
 16672 | Orc:2    | Bought a scroll of teleportation for 42 gold pieces
 16672 | Orc:2    | Bought a scroll of teleportation for 42 gold pieces
 16672 | Orc:2    | Bought a scroll of fog for 28 gold pieces
 16672 | Orc:2    | Bought a scroll of fog for 28 gold pieces
 16724 | Orc:2    | Found a roughly hewn altar of Beogh.
 16981 | Orc:2    | Found a roughly hewn altar of Beogh.
 16992 | Orc:2    | Found Xepiuz's Distillery.
 16998 | Orc:2    | Bought a potion of resistance for 110 gold pieces
 16998 | Orc:2    | Bought a potion of mutation for 88 gold pieces
 16998 | Orc:2    | Bought a potion of curing for 33 gold pieces
 16998 | Orc:2    | Bought a potion of magic for 88 gold pieces
 16998 | Orc:2    | Bought a potion of brilliance for 44 gold pieces
 16998 | Orc:2    | Bought a potion of haste for 110 gold pieces
 16998 | Orc:2    | Bought a potion of might for 44 gold pieces
 16998 | Orc:2    | Bought a potion of haste for 110 gold pieces
 16998 | Orc:2    | Bought a potion of resistance for 110 gold pieces
 17064 | Orc:2    | Noticed an orc warlord
 17102 | Orc:2    | Killed an orc warlord
 17102 | Orc:2    | Reached skill level 15 in Axes
 17133 | Orc:2    | Found Xofuycuj's Antique Weapon Shop.
 17134 | Orc:2    | Found a roughly hewn altar of Beogh.
 17141 | Orc:2    | Found Tiym's Antique Armour Boutique.
 17153 | Orc:2    | Bought a glowing war axe for 136 gold pieces
 17359 | Lair:1   | Entered Level 1 of the Lair of Beasts
 17534 | Lair:2   | Found a staircase to the Snake Pit.
 17681 | Lair:3   | Found a staircase to the Shoals.
 17723 | Lair:3   | Identified a scroll of acquirement
 17735 | Lair:3   | Identified a +2 pair of boots of running (You acquired it on level 3 of the Lair of Beasts)
 17993 | Lair:6   | Entered Level 6 of the Lair of Beasts
 17995 | Lair:6   | Found a staircase to the Slime Pits.
 18451 | Lair:6   | Reached skill level 15 in Armour
 19561 | Lair:6   | Reached XP level 15. HP: 121/121 MP: 23/23
 20102 | D:11     | Bought a +1 leather armour of poison resistance for 143 gold pieces
 20138 | D:11     | Bought a scroll of enchant armour for 90 gold pieces
 20138 | D:11     | Bought a scroll of fog for 24 gold pieces
 20138 | D:11     | Bought a scroll of remove curse for 36 gold pieces
 20138 | D:11     | Bought a scroll of remove curse for 36 gold pieces
 20138 | D:11     | Bought a scroll of amnesia for 42 gold pieces
 20138 | D:11     | Bought 3 scrolls of identify for 72 gold pieces
 20427 | Shoals:1 | Entered Level 1 of the Shoals
 20442 | Shoals:1 | Noticed a kraken
 20450 | Shoals:1 | Slain by a tentacle

Skill      XL: |  1  2  3  4  5  6  7  8  9 10 11 12 13 14 |
---------------+-------------------------------------------+-----
Axes           | 4 5 6 8 9 10 12 13 14 15 | 15.9
Dodging        | 4 5 6 7 8 |  8.8
Fighting       | 4 5 6 7 8 |  8.1
Armour         | 1 2 3 4 6 8 9 11 12 13 15 | 15.4
Invocations    | 3 5 7 9 10 12 | 12.3
Shields        | 5 8 10 11 13 | 13.4
Stealth        | |  1.5

Action                   |  1- 3 |  4- 6 |  7- 9 | 10-12 | 13-15 || total
-------------------------+-------+-------+-------+-------+-------++-------
Melee: Hand axe          |    48 |   136 |       |       |       ||   184
       Headbutt          |     9 |    29 |    39 |    98 |   142 ||   317
       War axe           |       |    41 |   188 |   486 |   636 ||  1351
       Scimitar          |       |       |       |     5 |       ||     5
 Fire: Hand crossbow     |       |       |     2 |       |       ||     2
Invok: Minor Destruction |       |       |     4 |       |       ||     4
       Greater Servant o |       |       |       |       |     4 ||     4
Evoke: Wand              |       |       |     4 |     2 |     5 ||    11
       Box of beasts     |       |       |       |       |     1 ||     1
  Use: Scroll            |     4 |     9 |     7 |    14 |    11 ||    45
       Potion            |       |       |     2 |     1 |     6 ||     9
 Stab: Sleeping          |     3 |     1 |       |     2 |       ||     6
       Paralysed         |     1 |       |       |       |       ||     1
  Eat: Chunk             |       |     9 |    10 |    15 |    14 ||    48
       Fruit             |       |       |     2 |     8 |    12 ||    22
Armor: Robe              |     6 |       |       |       |       ||     6
       Leather armour    |     4 |    11 |       |       |     4 ||    19
       Chain mail        |       |    43 |   113 |    79 |       ||   235
       Ring mail         |       |     3 |       |       |       ||     3
       Scale mail        |       |       |       |   127 |   166 ||   293
Dodge: Dodged            |    28 |    84 |    87 |   175 |   260 ||   634
Block: Shield            |       |       |     1 |   258 |   360 ||   619
       Rpst.: Scimitar   |       |       |       |     1 |       ||     1
